 Dungeon Crawl Stone Soup version 0.30-a0-956-gcec3b41aec (webtiles) character file.

Game seed: 9946594340735999439

504 Ahpoh the Slasher (level 7, 0/43 HPs)
             Began as a Gargoyle Gladiator on Mar 29, 2023.
             Slain by an iguana (8 damage)
             ... on level 4 of the Dungeon.
             The game lasted 00:20:54 (4158 turns).

Ahpoh the Slasher (Gargoyle Gladiator)              Turns: 4158, Time: 00:20:55

Health: 0/43       AC: 16    Str: 18    XL:     7   Next: 17%
Magic:  7/7        EV:  8    Int:  8    God:
Gold:   102        SH:  0    Dex: 13    Spells: 6/6 levels left

rFire   + . .      SeeInvis .    a - +0 long sword
rCold   x . .      Faith    .    (no shield)
rNeg    + . .      Spirit   .    l - +0 chain mail
rPois   ∞          Reflect  .    c - +0 helmet
rElec   +          Rampage  .    (no cloak)
rCorr   .                        s - +0 pair of gloves
Will    .....                    (no boots) Stlth
                                 k - amulet of regeneration
HPRegen 1.07/turn                m - ring of fire
MPRegen 0.10/turn                u - ring of flight

@: flying
A: sickness immunity, AC +4, negative energy resistance 1, electricity
resistance, torment resistance 1, petrification resistance
a: no special abilities


You were on level 4 of the Dungeon.
You visited 2 branches of the dungeon, and saw 6 of its levels.
You also visited: Sewer.

You collected 102 gold pieces.

Inventory:

Hand Weapons
 a - a +0 long sword (weapon)
Missiles
 d - 3 throwing nets (quivered)
 e - a javelin
Armour
 b - a +0 leather armour
 c - a +0 helmet (worn)
 h - a +0 ring mail
 l - a +0 chain mail (worn)
 s - a +0 pair of gloves (worn)
 C - a +0 scale mail
Jewellery
 k - an amulet of regeneration (around neck)
 m - a ring of fire (left hand)
 u - a ring of flight (right hand)
Scrolls
 f - 2 scrolls of blinking {unknown}
 g - 5 scrolls of identify {unknown}
 j - 3 scrolls of acquirement {unknown}
 o - 2 scrolls of amnesia {unknown}
 p - 2 scrolls of vulnerability {unknown}
 r - a scroll of teleportation {unknown}
 t - 3 scrolls of noise {unknown}
 w - 2 scrolls of fear {unknown}
 y - a scroll of enchant armour {unknown}
Potions
 i - 5 potions of curing {unknown}
 n - a potion of berserk rage {unknown}
 q - 3 potions of haste {unknown}
 v - 2 potions of might {unknown}
 x - 2 potions of brilliance {unknown}
 z - a potion of magic {unknown}
 A - 3 potions of heal wounds {unknown}
 B - a potion of mutation {unknown}


   Skills:
 + Level 4.1 Fighting
 + Level 5.1 Long Blades
 + Level 1.9 Throwing
 + Level 3.6 Armour
 + Level 3.0 Dodging
 + Level 0.1 Stealth


You had 6 spell levels left.
You didn't know any spells.
Your spell library was empty.

Dungeon Overview and Level Annotations

Branches:
Dungeon (5/15)             Temple (1/1) D:4           Sewer (visited)

Altars:
Elyvilon
Fedhas
Gozag
Kikubaaqudgha
Nemelex Xobeh
Ru
Sif Muna
Trog
Uskayaw
Xom
Yredelemnul
Zin

Shops:
D:2 ?**(   D:4 (


Innate Abilities, Weirdness & Mutations

You are immune to sickness and miasma.
Your stone body is resilient. (AC +4)
You are immune to poison.
You resist negative energy. (rN+)
You are resistant to electric shocks. (rElec)
You are resistant to unholy torment.
You are immune to petrification.


Message History

The iguana bites you. The iguana closely misses you.
You hit the iguana but do no damage.
The iguana is heavily wounded.
The iguana bites you but does no damage.
The iguana bites you!
* * * LOW HITPOINT WARNING * * *
You hit the iguana.
The iguana is severely wounded.
The iguana bites you but does no damage.
The iguana barely misses you.
You hit the iguana.
The iguana is almost dead.
The iguana bites you but does no damage. x2
You completely miss the iguana.
The iguana is almost dead.
The iguana bites you but does no damage. x2
You hit the iguana.
You kill the iguana!
The iguana bites you!
* * * LOW HITPOINT WARNING * * *
Your Dodging skill increases to level 3!
You closely miss the iguana.
The iguana is moderately wounded.
The iguana bites you but does no damage.
The iguana bites you.
* * * LOW HITPOINT WARNING * * *
You closely miss the iguana.
The iguana is moderately wounded.
The iguana bites you but does no damage.
You barely miss the iguana.
The iguana is moderately wounded.
The iguana bites you but does no damage.
You hit the iguana.
The iguana is heavily wounded.
The iguana bites you.
* * * LOW HITPOINT WARNING * * *
You hit the iguana but do no damage. Your punch misses the iguana.
The iguana is heavily wounded.
The iguana bites you!
You die...

.......# ##+##
#####.##### ###.#### #.#
### #.# #.#######.#
##.## #.#
#.#.....#.###.#.## #.#
#.#.###....#.###.#####.#
#.#.# #.....## ##......#
#.#.###....#.###.#######
#.#.....#.###l#†##
#......##.# ##@##
#####.###.# ### ### #.#
#.# ########## #.# ###
#........#
#.###.###.######.# #####
#.##...##.# #.#
....#######.#.....#.####
#.#
###....................#
#.#


You could see an iguana.

Vanquished Creatures
  A black bear (D:4)
  A phantom (D:4)
  3 jellies (Sewer)
  A sleepcap (D:4)
  An iguana (D:4)
  An orc wizard (D:3)
  3 gnolls (D:3)
  3 adders
  5 worms
  A dart slug (D:1)
  10 orcs
  6 ball pythons
  3 bats
  14 endoplasms
  8 giant cockroaches
  6 hobgoblins
  6 kobolds
  2 quokkas
  5 frilled lizards
  10 goblins
  13 rats
103 creatures vanquished.

Vanquished Creatures (others)
  A hound (D:4)
1 creature vanquished.

Grand Total: 104 creatures vanquished

Notes
Turn   | Place    | Note
-------+----------+-------------------------------------------
     0 | D:1      | Ahpoh the Gargoyle Gladiator began the quest for the Orb.
     0 | D:1      | Reached XP level 1. HP: 12/12 MP: 1/1
    81 | D:1      | Reached skill level 3 in Long Blades
    81 | D:1      | Reached XP level 2. HP: 4/17 MP: 2/2
   445 | D:1      | Reached XP level 3. HP: 21/21 MP: 3/3
   463 | D:1      | Reached skill level 1 in Armour
   940 | D:2      | Found Zorr's General Store.
   951 | D:2      | Found Hyllekh's Antique Weapon Shop.
  1039 | D:2      | Reached XP level 4. HP: 20/27 MP: 4/4
  1046 | D:2      | Found Itsa's Assorted Antiques.
  1090 | D:2      | Found Lobbah's Magic Scroll Shoppe.
  1579 | D:3      | Reached XP level 5. HP: 18/31 MP: 5/5
  1596 | D:3      | Found an opulent altar of Gozag.
  2070 | D:3      | Reached skill level 4 in Long Blades
  2235 | D:3      | Found a faded altar of an unknown god.
  2436 | D:4      | Found Utogatt's Antique Weapon Boutique.
  2482 | D:4      | Noticed a black bear
  2672 | D:4      | Noticed a phantom
  2719 | D:4      | Found a glowing drain.
  2733 | Sewer    | Entered a sewer
  2885 | Sewer    | Reached XP level 6. HP: 19/37 MP: 6/6
  2933 | Sewer    | Found a viscous altar of Jiyva.
  3101 | D:4      | Killed a black bear
  3103 | D:4      | Reached skill level 5 in Long Blades
  3103 | D:4      | Reached XP level 7. HP: 42/42 MP: 7/7
  3338 | D:4      | Found a hide-covered altar of Uskayaw.
  3579 | D:4      | Found a staircase to the Ecumenical Temple.
  3608 | Temple   | Entered the Ecumenical Temple
  4114 | D:5      | Entered Level 5 of the Dungeon
  4158 | D:4      | Slain by an iguana

Illustrated notes

Levels and vault maps discovered:
D:1:      dpeg_arrival_tiny_a, layout_basic, minmay_surrounded
D:2:      layout_rooms, serial_shops, shop, nicolae_shop_crystal, shop_statue,
          shop
D:3:      layout_loops_corners, grunt_gozag_breadcrumbs,
          hellmonk_ecumenical_altar_leap_of_faith
D:4:      layout_loops_corners, mainiacjoe_overflow_boulevard,
          lemuel_temple_firewalk_a, cheibrodos_sewer_entry_bend, serial_shops,
          shop
D:5:      cheibrodos_two_vegetables, layout_basic, guppyfry_shop_venom
Temple:   hellmonk_temple_beads

Skill      XL: |  1  2  3  4  5  6  7 |
---------------+----------------------+-----
Long Blades    | 3 4 5 |  5.1
Armour         | 2 3 |  3.6
Fighting       | 3 4 |  4.1
Dodging        | 3 |  3.0
Throwing       | |  1.9
Stealth        | |  0.1

Action                     |  1- 3 |  4- 6 |  7- 9 || total
---------------------------+-------+-------+-------++-------
  Melee: Long sword        |   131 |   213 |    56 ||   400
         Punch             |     1 |     1 |     2 ||     4
  Throw: Throwing net      |       |     2 |       ||     2
   Stab: Held in net/web   |       |     1 |       ||     1
 Armour: Leather armour    |    15 |       |       ||    15
         Ring mail         |    40 |       |       ||    40
         Chain mail        |    60 |   159 |    36 ||   255
  Dodge: Dodged            |   116 |   114 |    16 ||   246

Table legend: (Time is in decaauts)
 A = Elapsed time spent in this place.
 B = Non-inter-level travel time spent in this place.
 C = Inter-level travel time spent in this place.
 D = Time resting spent in this place.
 E = Time spent auto-exploring this place.
 F = Levels seen in this place.
 G = Mean time per level.
                   A        B        C        D        E       F      G
               +--------+--------+--------+--------+--------+-----+--------+
         Total |   4239 |   4053 |    186 |     14 |   2122 |   7 |  605.6 |
       Dungeon |   3694 |   3532 |    162 |      0 |   2017 |   5 |  738.8 |
        Temple |    208 |    184 |     24 |      0 |     83 |   1 |  208.0 |
         Sewer |    336 |    336 |      0 |     14 |     22 |   1 |  336.0 |
               +--------+--------+--------+--------+--------+-----+--------+

Top non-repeatable levels by time:
     D:4: 1205 daAuts
     D:3: 1000 daAuts
     D:1: 914 daAuts
     D:2: 546 daAuts
   Sewer: 336 daAuts
  Temple: 208 daAuts
     D:5: 26 daAuts
